[Event "Early-Titled-Tuesday-Blitz-March-05-2024"]
[Site "Chess.com"]
[Date "2024.03.05"]
[Round "8"]
[White "Kildepiotr"]
[Black "KuzubovYuriy"]
[Result "0-1"]
[WhiteElo "2686"]
[BlackElo "2959"]
[TimeControl "180+1"]
[EndTime "9:31:56 PST"]
[Termination "KuzubovYuriy won by resignation"]

1. Nf3 d5 2. g3 Nf6 3. Bg2 c5 4.
O-O e6 5. d3 Nc6 6. Nbd2 b6 7. e4 Bb7 8. Re1 Be7 9. c3 d4 10.
c4 e5 11. Nh4 g6 12. a3 Nh5 13.
Nf5 Bf6 14. Bf3 Ng7 15. Nxg7+ Bxg7 16. b4 a6 17. bxc5 bxc5 18. Rb1 Bc8 19. Bg4 Bxg4 20. Qxg4 O-O 21. Nb3 Qd6 22. Bd2 f5 23. Qe2 f4 24.
Na5 f3 25. Qf1 Nxa5 26. Bxa5 Rab8 27. h3 h5 28. Rxb8 Rxb8 29. Rb1 g5 30. Qd1 g4 31. h4 Kf7 32. Rb3 Bf6 33. Qb1 Rxb3 34. Qxb3 Be7 35. Qb7 Qh6 36. Qb1 Qc6 37. Qb3 Bd6 38. Kf1 Ke6 39. Ke1 Kd7 40. Kd1 Bf8 41. Kc2 Bh6 42. Kb2 Kc8 43. Kc2 Bf8 44. Bd2 Be7 45. Kb2 Bd8 46.
Kc2 Qe8 47. Kd1 Qc6 48. Ke1 Bc7 49. Kd1 Bd6 50. Ba5 Be7 51. Be1 Bd8 52. Kc2 Qe8 53.
Kd1 Qd7 54. Kc2 a5 55. a4 Qb7 56. Qb5 Qxb5 57. cxb5 Kd7 58. Kb3 Ke6 59. Kc4 Kd6 60. Kb3 Be7 61. Bxa5 Bxh4 62. Be1 Bd8 63. Kc4 h4 64.
gxh4 Bxh4 65. a5 Bg5 66. b6 Bd2 67. a6 Kc6 68. b7 Kc7 69. Bxd2 g3 70. Bg5 gxf2 71.
Bf6 f1=Q 72. Kd5 Qxd3 73. Bxe5+ Kd7 74. b8=Q Qxa6 75. Qc7+ Ke8 76. Bd6 Qa2+ 77. Ke5 Qh2+ 78. Kd5 Qh5+ 79. e5 Qf7+ 80. Qxf7+ Kxf7 81. e6+ Ke8 82.
Bg3 d3 0-1

[Event "Early-Titled-Tuesday-Blitz-March-05-2024"]
[Site "Chess.com"]
[Date "2024.03.05"]
[Round "8"]
[White "Nemegejas"]
[Black "Josetricks"]
[Result "1/2-1/2"]
[WhiteElo "2789"]
[BlackElo "2576"]
[TimeControl "180+1"]
[EndTime "9:31:57 PST"]
[Termination "Game drawn - insufficient material"]

1. d4 g6 2. e4 Bg7 3. Nc3 c6 4. Nf3 d5 5. h3 dxe4 6. Nxe4 Nf6 7. Nxf6+ exf6 8. Bc4 O-O 9. O-O a5 10. Re1 Na6 11. Bf4 Nc7 12. Bf1 Nd5 13. Bh2 Be6 14. c4 Nc7 15. Qc2 Re8 16. Rad1 Bf8 17. Bf4 Bd6 18. Bc1 Kg7 19. Qd2 a4 20. b3 axb3 21.
axb3 Kg8 22. g3 Qd7 23. Kh2 Bf5 24. Bg2 Rxe1 25. Rxe1 Re8 26. Rxe8+ Qxe8 27. Qc3 Qe2 28. Be3 Kg7 29. Qd2 Qxd2 30. Nxd2 Bb4 31. Ne4 h5 32.
Bf3 Ne6 33. Kg2 Ng5 34. Nxg5 fxg5 35. Bd1 f6 36. f3 Be6 37. Kf2 b5 38. cxb5 cxb5 39.
g4 h4 40. Bc2 Bd5 41. Bd3 Bxb3 42. Bxb5 Bd5 43. Bd3 Kf7 44. Be4 Bc4 45. d5 Bd6 46. Bd4 Bg3+ 47. Ke3 Bf1 48. Bc5 Bxh3 49. d6 f5 50. Bd5+ Ke8 51. Bc6+ Kf7 52. d7 Bc7 53.
Bd6 Bb6+ 54. Kd3 fxg4 55. Bd5+ Kg7 56. Be5+ Kh7 57. Be6 Bg2 58. Bxg4 h3 59. Ke2 Bd8 60. Kf2 Kg8 61. Be6+ Kf8 62. Bd6+ Kg7 63. Kg3 Kf6 64. Bg4 Kf7 65. Kh2 Kf6 66. Kg3 Kf7 67. Be5 Kf8 68. Bb8 Ke7 69. Be5 Kf7 70. Bxh3 Bxh3 71.
Kxh3 Ke7 72. Kg4 Kxd7 73. Bd4 Ke6 74. Be3 Ke5 75. Bxg5 Ba5 76. Bh4 Ke6 77. Kg5 Bd8+ 78. Kg4 Bxh4 79. Kxh4 Kf5 80. Kg3 g5 81. Kg2 Kf4 82. Kf2 g4 83. fxg4 Kxg4 1/2-1/2

[Event "Early-Titled-Tuesday-Blitz-March-05-2024"]
[Site "Chess.com"]
[Date "2024.03.05"]
[Round "8"]
[White "Caroexpert"]
[Black "wild3000"]
[Result "1/2-1/2"]
[WhiteElo "2601"]
[BlackElo "2494"]
[TimeControl "180+1"]
[EndTime "9:31:58 PST"]
[Termination "Game drawn by repetition"]

1. Nf3 d5 2. d3 Nf6 3. g3 g6 4. Bg2 Bg7 5. O-O O-O 6. c4 c6 7. Qb3 Qb6 8. Be3 Qxb3 9. axb3 a6 10. Nc3 Ng4 11. Bc5 Re8 12. h3 Nf6 13. Na4 Nbd7 14. d4 Nxc5 15. Nxc5 Ne4 16. Nxe4 dxe4 17. Ne5 f6 18. Ng4 h5 19. Ne3 f5 20. Nc2 e5 21. e3 exd4 22. Nxd4 Be6 23. Rfd1 Bf7 24.
Rd2 Rad8 25. Rad1 Bf6 26. h4 c5 27. Ne2 Rxd2 28. Rxd2 Rd8 29. Rxd8+ Bxd8 30. f3 exf3 31. Bxf3 b6 32. Nf4 Bf6 33. Bb7 a5 34. Bd5 Kg7 35.
Bxf7 Kxf7 36. Nd5 Bxb2 37. Nxb6 Ke6 38. Kg2 Bf6 39. Kf3 g5 40. hxg5 Bxg5 41. Nd5 Ke5 42. Nb6 Bd8 43. Na4 Be7 44. Nb2 Ke6 45. Nd3 Bd6 46.
Kg2 Kf6 47. Kh3 Kg5 48. Ne1 Kf6 49. Nf3 Kg6 50. Ne1 Kg5 51. Nd3 Kf6 52. Kg2 Kg5 53. Kf3 h4 54. gxh4+ Kxh4 55. e4 Kg5 56. e5 Be7 57.
Nf4 Kh6 58. Nd5 Bg5 59. e6 Kg7 60. Kg3 Kf8 61. Kf3 Ke8 62. Ke2 Kf8 63. Kd3 Ke8 64. Kc3 Kf8 65. Kc2 Ke8 66. Kb2 Kf8 67. Kb1 Ke8 68. Kc2 Kf8 69. Kd3 Ke8 70. Ke2 Kf8 71. Kf2 Ke8 72. Kf3 Kf8 73. Kf2 Ke8 74. Ke2 1/2-1/2

[Event "Early-Titled-Tuesday-Blitz-March-05-2024"]
[Site "Chess.com"]
[Date "2024.03.05"]
[Round "8"]
[White "thesupera12"]
[Black "Neijin"]
[Result "0-1"]
[WhiteElo "2498"]
[BlackElo "2730"]
[TimeControl "180+1"]
[EndTime "9:32:12 PST"]
[Termination "Neijin won on time"]

1. d4 d5 2. Bg5 c5 3. dxc5 Nc6 4.
Nc3 d4 5. Ne4 Qd5 6. f3 Bf5 7. Bh4 Bxe4 8. fxe4 Qxe4 9. Bf2 e5 10.
Qd3 Qxd3 11. exd3 Bxc5 12. O-O-O Nge7 13. Nf3 Rc8 14. a3 b5 15. Re1 f6 16. g4 h6 17. h4 a5 18. Bh3 Rc7 19. g5 a4 20.
Rhg1 hxg5 21. Be6 b4 22. hxg5 bxa3 23. gxf6 gxf6 24. Rh1 Rf8 25. bxa3 Bxa3+ 26. Kd1 Nb4 27. Bc4 Bb2 28. Bb5+ Kd8 29. Bxa4 Ned5 30. Bb3 Bc3 31.
Reg1 Ra7 32. Rh4 Nf4 33. Rxf4 exf4 34. Nxd4 Ra1+ 35. Ke2 Rxg1 36. Bxg1 Bxd4 37. Bxd4 Nc6 38. Bc5 Rh8 39. Kf3 Rh4 40. d4 Kc7 41. Be6 Rh2 42.
c4 Rd2 43. d5 Ne5+ 44. Kxf4 Nxc4 45. Kf5 Nd6+ 46. Bxd6+ Kxd6 47. Kxf6 Rf2+ 48. Kg5 Ke5 49. Kg6 Kd6 50. Kg5 Rf1 51. Kg6 Ke5 52. Kg7 Rf6 53.
Bf7 Rd6 54. Be6 Rd8 55. Kf7 Kd6 56. Kg7 Ke7 57. Kg6 Rf8 58. Kg7 Rf1 59. Kg6 Rg1+ 60. Kf5 Kd6 61. Kf6 Rf1+ 62. Kg6 Ke5 63. Kg7 Rf2 64.
Kg8 Kf6 65. Kf8 Ra2 66. Ke8 Ra7 67. Kd8 Ke5 68. Kc8 Kd6 69. Kb8 Rc7 70. Ka8 Kc5 71.
Kb8 Kb6 72. Bg8 Re7 73. Be6 Re8+ 74. Bc8 Kc5 75. Kc7 Kxd5 76. Bd7 Re7 77. Kd8 Rg7 78. Ke8 Kd6 79. Bf5 Rg5 80. Bh7 Rh5 81. Bg6 Rh2 82. Kf7 Rf2+ 83. Kg7 Ke6 0-1

[Event "Early-Titled-Tuesday-Blitz-March-05-2024"]
[Site "Chess.com"]
[Date "2024.03.05"]
[Round "8"]
[White "Brave_spirit12"]
[Black "Elsa167"]
[Result "0-1"]
[WhiteElo "2731"]
[BlackElo "2921"]
[TimeControl "180+1"]
[EndTime "9:32:21 PST"]
[Termination "Elsa167 won by resignation"]

1. e4 d6 2. d4 Nf6 3. Nc3 e5 4.
dxe5 dxe5 5. Qxd8+ Kxd8 6. Bc4 Ke8 7. Bg5 Bb4 8. O-O-O Bxc3 9. bxc3 Be6 10. Bb3 Nc6 11.
f3 Nd7 12. Ne2 h6 13. Be3 Ke7 14. Rd2 Rhd8 15. Rhd1 Na5 16. Bf2 b6 17. f4 Bg4 18. Be3 f6 19. h3 Bxe2 20. Rxe2 exf4 21. Bxf4 Ne5 22. Rxd8 Rxd8 23. Bxe5 fxe5 24. Rf2 Rf8 25. Rxf8 Kxf8 26. Kd2 Ke7 27. Ke3 Nb7 28. Bd5 Nc5 29. g3 Kd6 30. Bg8 Nd7 31. Bd5 Nf6 32. Bf7 Kc5 33. Bb3 a5 34. Be6 Kd6 35. Bb3 b5 36. Bg8 a4 37. Bf7 c6 38. a3 Kc5 39.
Ba2 Ne8 40. Be6 Nd6 41. Kd3 Nb7 42. Ba2 Kd6 43. Bg8 Nc5+ 44. Ke3 Na6 45. Ba2 c5 46. Bf7 b4 47. cxb4 cxb4 48. axb4 Nxb4 49. Kd2 Kc5 50.
Kc3 a3 51. Kb3 a2 52. Kb2 Nxc2 53. Bxa2 Ne3 54. Kc3 Nf1 55. g4 Nh2 56. Kd3 Nf3 57. Ke3 Nh4 58. Bf7 Ng2+ 59. Kf2 Nf4 60. h4 Kd4 61. Kf3 g5 62. hxg5 hxg5 63. Be8 Kd3 64. Bb5+ Kd2 65. Ba6 Nd3 66. Bb5 Nc5 67. Bc6 Kd3 68.
Bd5 Kd4 69. Bc6 Nb3 70. Ke2 Na5 71. Bd5 Nc4 72. Bc6 Nd6 73. Kf2 Nxe4+ 74. Ke2 Nf6 75. Kf3 e4+ 76. Kg3 Ke3 77. Bb7 Kd4 78. Bc6 Nd5 79.
Bb7 Nf4 80. Ba6 Ke3 81. Bb5 Kd2 82. Ba6 e3 83. Kf3 e2 84. Bxe2 Nxe2 85. Ke4 Nf4 86.
Kf5 Nh3 87. Ke4 Ke2 88. Kf5 Kf3 0-1

[Event "Early-Titled-Tuesday-Blitz-March-05-2024"]
[Site "Chess.com"]
[Date "2024.03.05"]
[Round "8"]
[White "XDPS"]
[Black "Indianlad"]
[Result "0-1"]
[WhiteElo "2907"]
[BlackElo "3031"]
[TimeControl "180+1"]
[EndTime "9:32:23 PST"]
[Termination "Indianlad won on time"]

1. d4 g6 2. e4 Bg7 3. Nf3 d6 4. Be2 Nf6 5. Nc3 O-O 6. O-O Nc6 7. d5 Nb8 8. Re1 e6 9. dxe6 Bxe6 10. Nd4 Bd7 11. Bf4 Re8 12. Bf3 Nc6 13. Nxc6 Bxc6 14. e5 dxe5 15. Bxc6 bxc6 16. Bxe5 Qxd1 17. Raxd1 Nd5 18.
Bxg7 Kxg7 19. Na4 Nb4 20. c3 Nd5 21. g3 a5 22. Kf1 Kf8 23. Nc5 Rxe1+ 24. Rxe1 a4 25.
c4 Nb6 26. b3 axb3 27. axb3 Ra5 28. Ne4 Nd7 29. Rd1 Ke7 30. h4 Re5 31. Nd2 c5 32. Nf3 Re6 33. Ng5 Rb6 34. Rd3 f6 35. Re3+ Kf8 36.
Ne6+ Kf7 37. Nxc7 Ne5 38. Nd5 Ra6 39. f4 Nc6 40. Kg2 h5 41. Nc3 Nd4 42. Ne4 Ra2+ 43.
Kf1 Ra1+ 44. Kg2 Ra2+ 45. Kh3 Ne2 46. Kg2 Nxf4+ 47. Kf3 Ne6 48. Nd6+ Ke7 49. Ne4 Nd4+ 50. Kf4 Ne2+ 51. Kf3 Ng1+ 52. Kf4 Ne2+ 53. Kf3 Nd4+ 54. Kf4 Ne6+ 55. Kf3 Ra5 56. Nc3 Kf7 57. Nb5 f5 58. Rd3 Kf6 59. Ke3 Ra1 60. Kd2 Rg1 61. Kc3 f4 62. gxf4 Nxf4 63. Rd6+ Ke5 64. Rd8 Rg3+ 65.
Kc2 g5 66. hxg5 h4 67. Rh8 h3 68.
Na7 Rxg5 69. Nc6+ Ke4 70. Re8+ Kf3 71. Ne5+ Kg3 72. Nf7 Rg7 73. Nd6 Rg5 74. Ne4+ Kg4 75. Nxg5 Kxg5 76. Rg8+ Kh4 77. Rh8+ Nh5 78. Rd8 h2 79.
Rd1 Ng3 80. Kc3 Ne2+ 81. Kd2 Ng1 0-1

[Event "Early-Titled-Tuesday-Blitz-March-05-2024"]
[Site "Chess.com"]
[Date "2024.03.05"]
[Round "8"]
[White "Mesa_1"]
[Black "ACollins05"]
[Result "1/2-1/2"]
[WhiteElo "2502"]
[BlackElo "2610"]
[TimeControl "180+1"]
[EndTime "9:32:28 PST"]
[Termination "Game drawn by repetition"]

1. e4 c5 2. Nf3 d6 3. d4 cxd4 4. Qxd4 Nc6 5. Qe3 Nf6 6. h3 g6 7.
Be2 Bg7 8. O-O O-O 9. Rd1 Bd7 10.
c4 Rc8 11. Nc3 Na5 12. e5 dxe5 13. Nxe5 Qe8 14. b3 a6 15. Ba3 Nc6 16. Nxd7 Nxd7 17. Rac1 Nf6 18. Bf3 Kh8 19. h4 h5 20.
Nd5 Nxd5 21. Bxd5 Kh7 22. g3 Rg8 23. Bxc6 Qxc6 24. Qxe7 Qf3 25. Qe3 Qg4 26. Qf4 Qxf4 27. gxf4 Rgd8 28. Be7 Rxd1+ 29. Rxd1 Rc7 30. Bd8 Rc8 31.
Rd7 Kg8 32. Kg2 b5 33. cxb5 axb5 34. a3 Rc3 35. a4 Rxb3 36. a5 Ra3 37. Ra7 b4 38. a6 b3 39. Rb7 Rxa6 40. Rxb3 Ra4 41. Kf3 Bf8 42. Rb8 Kg7 43. Bf6+ Kxf6 44. Rxf8 Ra3+ 45.
Kg2 Ke6 46. f3 f6 47. Kg3 Ra1 48. Rg8 Kf5 49. Rb8 Rg1+ 50. Kf2 Rh1 51. Kg3 Rg1+ 52. Kf2 Rd1 53. Rb5+ Ke6 54. Rb6+ Rd6 55. Rb5 Rd5 56. Rb6+ Kf5 57. Kg3 Ra5 58. Rb4 Ra1 59. Re4 Rg1+ 60. Kh2 Rd1 61. Kg3 Rd2 62. Rc4 Rd5 63. Rb4 Ra5 64.
Re4 Ra2 65. Rc4 Ra5 66. Rb4 Rc5 67. Rd4 Rb5 68. Re4 Rd5 69. Rc4 Ke6 70. Rb4 Kf7 71. Rb6 Kg7 72. Rb7+ Kh6 73. Rb6 f5 74. Ra6 Rb5 75.
Rc6 Rb1 76. Rd6 Rg1+ 77. Kf2 Rh1 78. Kg3 Rg1+ 79. Kf2 Rc1 80. Rd2 Rc7 81. Kg3 Kg7 82. Rd5 Rc6 83. Re5 Kf6 84. Rd5 Re6 85. Rc5 Rd6 86.
Rb5 Rc6 87. Ra5 Rd6 88. Rc5 Re6 89. Rd5 Re7 90. Kf2 Re6 91. Rd2 Ke7 92. Rd3 Rd6 93.
Ke3 Rxd3+ 94. Kxd3 Kd7 95. Kd4 Kd6 96. Kc4 Kc6 97.
Kd4 Kd6 98. Kc4 Kc6 99. Kd4 Kd6 1/2-1/2

[Event "Early-Titled-Tuesday-Blitz-March-05-2024"]
[Site "Chess.com"]
[Date "2024.03.05"]
[Round "8"]
[White "klercaku"]
[Black "emeli_chess"]
[Result "1-0"]
[WhiteElo "2213"]
[BlackElo "2415"]
[TimeControl "180+1"]
[EndTime "9:32:55 PST"]
[Termination "klercaku won on time"]

1. e4 c5 2. Nf3 d6 3. d4 cxd4 4. Nxd4 Nf6 5. Nc3 a6 6. Be2 e6 7. Be3 Be7 8. O-O O-O 9. f4 Qc7 10. a3 Nc6 11. Bf3 Nxd4 12. Bxd4 e5 13. Be3 exf4 14.
Bxf4 Be6 15. Qd2 Nd7 16. Nd5 Bxd5 17. exd5 Ne5 18. b3 Bf6 19. Rae1 b5 20. Be4 g6 21. Bh6 Bg7 22. Be3 f5 23. Bd3 Rac8 24. Re2 Nxd3 25.
Qxd3 Qc3 26. Qxc3 Rxc3 27. Rd1 Rfc8 28. Rdd2 Rxe3 29. Rxe3 Bh6 30. Red3 Bxd2 31. Rxd2 Re8 32. c4 bxc4 33. bxc4 Rc8 34. Rb2 Rxc4 35. Rb6 Ra4 36.
Rxd6 Rxa3 37. Rd7 Rd3 38. d6 a5 39. h3 a4 40. Rd8+ Kf7 41. d7 a3 42. Ra8 Rxd7 43.
Rxa3 h6 44. Kh2 Rd6 45. Rb3 Kf6 46. Rb7 g5 47. Rb2 f4 48. Rf2 Rd3 49. Re2 Kf5 50.
Re8 Rd2 51. Rf8+ Ke5 52. Re8+ Kf6 53. Rf8+ Kg7 54. Rf5 Kg6 55. Rf8 h5 56. Kg1 Ra2 57.
Kh2 Ra5 58. Rg8+ Kf6 59. Rf8+ Kg7 60. Re8 Kf7 61. Re2 Ra3 62. Kg1 Kf6 63. Kf2 Kf5 64. Kg1 g4 65. hxg4+ hxg4 66. Re8 Ra1+ 67. Kf2 g3+ 68. Ke2 Ra2+ 69. Kf1 Rf2+ 70. Kg1 Rd2 71. Kf1 Rf2+ 72. Kg1 Rb2 73. Kf1 Rb5 74. Rf8+ Ke4 75. Re8+ Re5 76. Rd8 Ke3 77. Rd1 Re4 78. Re1+ Kd4 79.
Rd1+ Ke5 80. Ra1 Rd4 81. Ra8 Rd2 82. Re8+ Kd4 83. Rd8+ Ke3 84. Re8+ Kd3 85. Rd8+ Kc2 86. Rc8+ Kd1 87. Re8 Rf2+ 88. Kg1 Re2 89. Rd8+ Ke1 90. Rf8 Rf2 91. Re8+ Kd2 92. Rd8+ Kc3 93. Rc8+ Kd4 94. Rc1 Rd2 95. Rf1 Ke3 96. Ra1 1-0

[Event "Early-Titled-Tuesday-Blitz-March-05-2024"]
[Site "Chess.com"]
[Date "2024.03.05"]
[Round "8"]
[White "xasid81"]
[Black "Defenstrator"]
[Result "1-0"]
[WhiteElo "2573"]
[BlackElo "2447"]
[TimeControl "180+1"]
[EndTime "9:32:58 PST"]
[Termination "xasid81 won by resignation"]

1. f4 e5 2. e4 d5 3. exd5 e4 4. Nc3 Nf6 5. d3 Bb4 6. a3 Bxc3+ 7. bxc3 Qxd5 8. dxe4 Qxd1+ 9. Kxd1 Nxe4 10. Be3 Nxc3+ 11. Kd2 Nd5 12. Bc5 Nxf4 13. a4 Nc6 14. Rb1 Bf5 15. Kc1 O-O-O 16. Nf3 Rhe8 17. Bc4 Nxg2 18. Rg1 Ne3 19. Bxf7 Re4 20. Rxg7 Rd1+ 21. Kb2 Rxb1+ 22. Kxb1 Nxc2 23. Rg5 N2d4 24. Bxd4 Nxd4 25. Nxd4 Rxd4+ 26. Rxf5 Rxa4 27. Rh5 b6 28. Rxh7 Kb7 29. Bd5+ Ka6 30. Rxc7 Rh4 31. Rc2 Kb5 32. Be6 a5 33. h3 a4 34. Bg4 Ka5 35. Kb2 b5 36. Rf2 Rh8 37.
Rf5 Rd8 38. Kc2 Kb4 39. Be2 Rc8+ 40. Kb1 Re8 41. Bxb5 a3 42. Bd3 Re3 43. Kc2 Rxh3 44.
Rf4+ Ka5 45. Rf5+ Kb4 46. Rb5+ Ka4 47. Rb8 Rh2+ 48. Kc3 Rh5 49. Bc2+ Ka5 50. Bd3 Rc5+ 51. Bc4 Rh5 52. Ra8+ Kb6 53. Rxa3 Rh3+ 54. Bd3 Kc5 55. Ra5+ Kb6 56. Rg5 Rh6 57. Bc4 Kc6 58. Kb4 Kb6 59. Ra5 Kb7 60. Re5 Kb6 61. Re7 Kc6 62. Ra7 Rh5 63.
Ra6+ Kb7 64. Rg6 Kc7 65. Bb5 Kb7 66. Ka5 Kc7 67. Rc6+ Kd8 68. Rb6 Ke7 69. Rc6 Rg5 70. Kb6 Rg1 71. Rc7+ Kd6 72. Rc4 Kd5 73. Rc8 Rb1 74.
Rd8+ Ke5 75. Kc5 Rc1+ 76. Bc4 Ra1 77. Re8+ Kf6 78. Bd5 Ra6 79. Re2 Ra5+ 80. Kd6 Ra3 81. Rf2+ Kg5 82. Ke5 Re3+ 83. Be4 Rg3 84. Rf8 Ra3 85.
Rg8+ Kh6 86. Bf5 Ra6 87. Be6 Ra1 88. Kf6 Rf1+ 89. Bf5 1-0

[Event "Early-Titled-Tuesday-Blitz-March-05-2024"]
[Site "Chess.com"]
[Date "2024.03.05"]
[Round "8"]
[White "IngOscarArdila"]
[Black "TitarovVasiliYouTube"]
[Result "0-1"]
[WhiteElo "2321"]
[BlackElo "2513"]
[TimeControl "180+1"]
[EndTime "9:33:10 PST"]
[Termination "TitarovVasiliYouTube won on time"]

1. d4 d6 2. Nf3 Nf6 3. c4 g6 4.
Nc3 Bg7 5. e3 O-O 6. Be2 Nc6 7.
O-O e5 8. Qc2 Re8 9. dxe5 dxe5 10. Rd1 Qe7 11. Nd5 Nxd5 12. cxd5 Nb8 13. e4 Rd8 14. Bg5 f6 15. Be3 Bf8 16. Rac1 c6 17. Bc4 Kg7 18. Qd2 Bg4 19. d6 Qd7 20. Bh6+ Kh8 21.
Bxf8 Rxf8 22. Qh6 Rd8 23. Qh4 Kg7 24. h3 Bxf3 25. gxf3 a5 26. f4 exf4 27. Qxf4 Qxh3 28. e5 Nd7 29. e6 Ne5 30. Be2 Qxe6 31. Qe3 g5 32.
Qb6 Rd7 33. a3 Nf7 34. Re1 Qxd6 35. Bg4 Re7 36. Red1 Qf4 37. Bh3 Ne5 38. Bg2 Rae8 39.
Qxa5 Nf3+ 40. Bxf3 Qxf3 41. Qc3 Qg4+ 42. Kh2 Qf5 43.
Qg3 Kg6 44. Rd2 Re4 45. f3 Rh4+ 46. Kg2 Rf4 47. Rf2 h5 48. Rh1 h4 49. Qh3 Qxh3+ 50. Rxh3 Re3 51. b4 Rxa3 52. Rd2 Rb3 53. Kf2 Rbxb4 54. Ke2 Rb3 55. Rc2 Kf5 56. Rd2 Kg6 57.
Rc2 Rb5 58. Kf2 Re5 59. Rd2 Ref5 60. Rc2 Re5 61. Rd2 b5 62. Rc2 c5 63. Rb2 b4 64.
Rc2 c4 65. Rb2 b3 66. Rh1 Ref5 67. Rc1 Rxf3+ 68. Kg2 Rg3+ 69. Kh2 Rf4 70. Rd2 Rd3 71. Rb2 Rff3 72. Rxc4 Rfe3 73. Kg2 Rc3 74. Rb4 Rc2+ 75. Rxc2 bxc2 76. Rc4 Re2+ 77. Kf3 Rd2 78. Ke3 Rh2 79.
Kf3 Kf5 80. Rc5+ Ke6 81. Rc6+ Ke5 82. Ke3 Rh3+ 83. Kd2 Rh2+ 84. Ke3 f5 85. Rc5+ Kf6 86. Kd3 g4 87. Ke3 Kg5 88. Rc7 Rh3+ 89. Kd2 Rh2+ 90.
Kc1 g3 91. Rg7+ Kf4 92. Rh7 g2 93. Kb2 g1=Q 94. Rxh4+ Rxh4 0-1

[Event "Early-Titled-Tuesday-Blitz-March-05-2024"]
[Site "Chess.com"]
[Date "2024.03.05"]
[Round "9"]
[White "Iskusnyh"]
[Black "JonasEilenberg"]
[Result "1-0"]
[WhiteElo "2695"]
[BlackElo "2543"]
[TimeControl "180+1"]
[EndTime "9:41:15 PST"]
[Termination "Iskusnyh won by resignation"]

1. d4 d5 2. c4 e6 3. Nf3 c6 4. b3 Nf6 5. e3 Nbd7 6. Bd3 b6 7.
O-O Bb7 8. Bb2 Bd6 9. Nc3 O-O 10. Qc2 Rc8 11. e4 dxe4 12. Nxe4 Nxe4 13. Bxe4 Nf6 14. Bd3 c5 15. dxc5 Bxc5 16. Bxf6 Qxf6 17. Bxh7+ Kh8 18. Be4 Bxe4 19. Qxe4 Rfd8 20. Rad1 Qb2 21. Rxd8+ Rxd8 22. Qh4+ Kg8 23. Qxd8+ 1-0

[Event "Early-Titled-Tuesday-Blitz-March-05-2024"]
[Site "Chess.com"]
[Date "2024.03.05"]
[Round "9"]
[White "javirec"]
[Black "Christian_Jordan"]
[Result "1-0"]
[WhiteElo "2256"]
[BlackElo "2113"]
[TimeControl "180+1"]
[EndTime "9:41:45 PST"]
[Termination "javirec won by resignation"]

1. e4 e6 2. d4 d5 3. Nd2 Be7 4. Bd3 Nf6 5. e5 Nfd7 6. c3 c5 7. Ne2 b6 8. f4 Ba6 9. Bxa6 Nxa6 10. O-O g6 11. g4 h5 12. f5 hxg4 13. fxe6 fxe6 14.
Ng3 Nf8 15. Qa4+ 1-0

[Event "Early-Titled-Tuesday-Blitz-March-05-2024"]
[Site "Chess.com"]
[Date "2024.03.05"]
[Round "9"]
[White "The_Straightforward_Rook"]
[Black "Leonid_Starozhilov"]
[Result "0-1"]
[WhiteElo "2470"]
[BlackElo "2692"]
[TimeControl "180+1"]
[EndTime "9:41:48 PST"]
[Termination "Leonid_Starozhilov won by resignation"]

1. e4 g6 2. d4 Bg7 3. Nf3 d6 4. Bd3 Nf6 5. O-O O-O 6. Re1 Nc6 7. c3 e5 8. Bc2 Bg4 9. d5 Ne7 10.
h3 Bxf3 11. Qxf3 Nd7 12. c4 a5 13. Nc3 Nc5 14. Be3 b6 15. Bxc5 bxc5 16. b3 f5 17.
exf5 gxf5 18. Qg3 Ng6 19. Rac1 e4 20. Bd1 Be5 21. Qe3 Bf4 0-1

[Event "Early-Titled-Tuesday-Blitz-March-05-2024"]
[Site "Chess.com"]
[Date "2024.03.05"]
[Round "9"]
[White "HanSchut"]
[Black "tolimachess"]
[Result "1-0"]
[WhiteElo "2328"]
[BlackElo "2410"]
[TimeControl "180+1"]
[EndTime "9:42:19 PST"]
[Termination "HanSchut won by resignation"]

1. e4 c5 2. Nf3 e6 3. c4 Nc6 4. Nc3 a6 5. Be2 Qc7 6. O-O Nf6 7. d4 cxd4 8. Nxd4 b6 9. Be3 Bb7 10. f3 Bd6 11. g3 h5 12. Ndb5 axb5 13. Nxb5 Qb8 14.
Qxd6 h4 15. Nc7+ Kd8 16. Bxb6 1-0

[Event "Early-Titled-Tuesday-Blitz-March-05-2024"]
[Site "Chess.com"]
[Date "2024.03.05"]
[Round "9"]
[White "TitarovVasiliYouTube"]
[Black "giomar27"]
[Result "1-0"]
[WhiteElo "2519"]
[BlackElo "2404"]
[TimeControl "180+1"]
[EndTime "9:43:11 PST"]
[Termination "TitarovVasiliYouTube won by resignation"]

1. e4 a6 2. d4 g6 3. Nf3 Bg7 4.
Be2 b5 5. a4 b4 6. c3 Bb7 7. Nbd2 bxc3 8. bxc3 d6 9. O-O Nf6 10.
Bd3 O-O 11. Re1 Nbd7 12. a5 e5 13. Ba3 Re8 14. d5 c6 15. c4 Rc8 16. Bxd6 c5 17.
Bc2 Nh5 18. Ba4 Nf4 19. Nb3 Nf6 20. Bxc5 1-0

[Event "Early-Titled-Tuesday-Blitz-March-05-2024"]
[Site "Chess.com"]
[Date "2024.03.05"]
[Round "9"]
[White "FredddieCroderg"]
[Black "AsaHoffmann"]
[Result "0-1"]
[WhiteElo "2279"]
[BlackElo "2417"]
[TimeControl "180+1"]
[EndTime "9:43:11 PST"]
[Termination "AsaHoffmann won by resignation"]

1. e4 d6 2. Bc4 Nf6 3. Qf3 c6 4. Bb3 e5 5. d3 Be7 6. Bg5 Be6 7. Nd2 Nbd7 8. h3 O-O 9. g4 a5 10.
a4 Nc5 11. Ne2 Nxb3 12. Nxb3 Nd7 13. Bxe7 Qxe7 14. Ng3 g6 15. Nf5 gxf5 16. gxf5 Bxb3 17. cxb3 Kh8 18. Qh5 Rg8 19. O-O-O Qg5+ 20. Qxg5 Rxg5 21. d4 Nf6 22. f3 Rg3 23. dxe5 dxe5 24. Rd6 Kg7 25.
h4 h5 26. f4 Nxe4 27. f6+ Kg6 28. Rd7 exf4 29. Rxb7 f3 30. Re7 f2 0-1

[Event "Early-Titled-Tuesday-Blitz-March-05-2024"]
[Site "Chess.com"]
[Date "2024.03.05"]
[Round "9"]
[White "AccioChess"]
[Black "Herman-NY"]
[Result "0-1"]
[WhiteElo "2370"]
[BlackElo "2531"]
[TimeControl "180+1"]
[EndTime "9:43:17 PST"]
[Termination "Herman-NY won by resignation"]

1. e4 e5 2. Nf3 Nc6 3. Bb5 a6 4. Ba4 Nf6 5. O-O b5 6. Bb3 Bc5 7. c3 d6 8. a4 Bb7 9. d4 Bb6 10.
Re1 h6 11. Na3 O-O 12. Bc2 Re8 13. dxe5 Nxe5 14. Nxe5 Rxe5 15. Bf4 Nxe4 16. Bxe5 Nxf2 17. Qe2 dxe5 18. Rf1 Ng4+ 19. Kh1 Qh4 0-1

[Event "Early-Titled-Tuesday-Blitz-March-05-2024"]
[Site "Chess.com"]
[Date "2024.03.05"]
[Round "9"]
[White "Crazy_girl99"]
[Black "isaak2009"]
[Result "1-0"]
[WhiteElo "2561"]
[BlackElo "2738"]
[TimeControl "180+1"]
[EndTime "9:43:31 PST"]
[Termination "Crazy_girl99 won by checkmate"]

1. e4 e5 2. Nf3 Nc6 3. Bb5 a6 4. Ba4 Bc5 5. c3 Nge7 6. d4 Ba7 7. O-O Ng6 8. Be3 O-O 9. Nbd2 d6 10. h3 Kh8 11. Bc2 f5 12. Bg5 Qe8 13. exf5 Bxf5 14. Re1 Bxc2 15. Qxc2 Qf7 16. Be3 exd4 17. cxd4 Nf4 18.
Ng5 Qh5 19. Ndf3 h6 20. Qh7# 1-0

[Event "Early-Titled-Tuesday-Blitz-March-05-2024"]
[Site "Chess.com"]
[Date "2024.03.05"]
[Round "9"]
[White "Matalon"]
[Black "profedechess93"]
[Result "0-1"]
[WhiteElo "2502"]
[BlackElo "2642"]
[TimeControl "180+1"]
[EndTime "9:43:34 PST"]
[Termination "profedechess93 won by resignation"]

1. e4 e6 2. d4 d5 3. Nd2 Be7 4. c3 c5 5. exd5 Qxd5 6. Ngf3 Nf6 7. Bc4 Qh5 8. O-O O-O 9. dxc5 Qxc5 10. Qe2 Nc6 11. Nb3 Qh5 12. Bg5 e5 13. h3 e4 14.
Bxf6 exf3 0-1

[Event "Early-Titled-Tuesday-Blitz-March-05-2024"]
[Site "Chess.com"]
[Date "2024.03.05"]
[Round "9"]
[White "IM_ArthurDW08"]
[Black "SharapovEvgeny"]
[Result "0-1"]
[WhiteElo "2758"]
[BlackElo "2563"]
[TimeControl "180+1"]
[EndTime "9:43:45 PST"]
[Termination "SharapovEvgeny won by resignation"]

1. e4 c5 2. Nf3 d6 3. d4 cxd4 4.
Nxd4 Nf6 5. Nc3 Nc6 6. h4 e5 7. Nb3 Be6 8. Bg5 h6 9. Bxf6 Qxf6 10. g3 Qd8 11. Bh3 Bxh3 12. Rxh3 Be7 13. Qd2 a5 14. a4 Nb4 15. O-O-O Rc8 16. Kb1 O-O 17. f4 Rc4 18. f5 Qb6 19. g4 Rd8 20. g5 h5 21. f6 Bf8 22. fxg7 Bxg7 23. Qe2 Rxc3 24. Rhd3 Rxd3 25. Rxd3 Nxd3 26. Qxd3 d5 27. exd5 Qb4 28.
Nd2 e4 29. Qb3 Qxb3 30. Nxb3 Rxd5 0-1

[Event "Early-Titled-Tuesday-Blitz-March-05-2024"]
[Site "Chess.com"]
[Date "2024.03.05"]
[Round "9"]
[White "nuadvaga"]
[Black "deepfear"]
[Result "1-0"]
[WhiteElo "2184"]
[BlackElo "1966"]
[TimeControl "180+1"]
[EndTime "9:44:03 PST"]
[Termination "nuadvaga won by checkmate"]

1. d4 Nf6 2. f3 g6 3. c4 Bg7 4. Nc3 O-O 5. e4 d6 6. f4 c5 7. d5 e6 8. dxe6 fxe6 9. Nf3 Nc6 10. Bd3 a6 11. O-O Rb8 12. Qe2 Qe7 13. e5 dxe5 14.
fxe5 Ng4 15. Bg5 Qc7 16. Ne4 h6 17. Nf6+ Nxf6 18. exf6 Bxf6 19. Bxh6 Kh7 20. Bxf8 Bd7 21. Bxc5 b6 22. Bf2 Re8 23. Ng5+ Bxg5 24. Qh5+ Kg8 25.
Qxg6+ Kf8 26. Bc5# 1-0